 Dungeon Sprint DCSS version 0.22-a0-42-g002c468 (webtiles) character file.

460238 theanonym the Conqueror (level 18, 218/218 HPs)
             Began as a Deep Dwarf Fighter on Jan 5, 2018.
             Was the Champion of Makhleb.
             Escaped with the Orb!
             The game lasted 00:18:05 (1291 turns).

theanonym the Conqueror (Deep Dwarf Fighter)        Turns: 1291, Time: 00:18:06

Health: 218/218    AC: 46    Str: 31    XL:     18   Next: 44%
Magic:  29/34      EV: 22    Int: 11    God:    Makhleb [******]
Gold:   0          SH: 38    Dex: 16    Spells: 14/17 levels left

rFire    + + .     SeeInvis +   G - +14 obsidian axe {chop, +Fly SInv *Curse} (curse)
rCold    + + +     Gourm    .   H - +18 shield of the Gong {rElec rN+ MR+ EV-5}
rNeg     + + +     Faith    +   F - +9 gold dragon scales {23 rF+ rC+ rPois}
rPois    +         Spirit   .   W - +0 mask of the Dragon {MR+ Slay+3 SInv}
rElec    +         Reflect  .   R - +1 cloak {MR+} {MR+}
rCorr    .         Harm     .   K - +1 pair of gloves {Str+3}
MR       +++++     NoTele   +   Z - +2 pair of boots of the Assassin {Detection Stab+ Stlth++}
Stlth    ..........             T - amulet "Vaekhla" {Faith *Corrode rPois rC+ rN+}
HPRegen  0.00/turn              g - ring "Ritaag" {rF+ Int+2 Dex+4}
MPRegen  0.24/turn              Q - ring of Iqux {+Inv rC+ MP+9 EV+3}

@: non-regenerating
A: damage resistance, heal wounds, negative energy resistance 1, sense
surroundings 3, no regeneration
0: Orb of Zot
a: Heal Wounds, Minor Destruction, Lesser Servant of Makhleb, Major Destruction,
Greater Servant of Makhleb, Renounce Religion, Evoke Invisibility, Evoke Flight


Innate Abilities, Weirdness & Mutations

You are resistant to damage.
You can heal yourself by infusing magical energy.
You resist negative energy. (rN+)
You passively map a large area around you.
You do not regenerate.


   Skills:
 O Level 27 Fighting
 O Level 27 Axes
 O Level 27 Armour
 O Level 27 Dodging
 O Level 27 Shields
 + Level 16.6 Invocations


You had 14 spell levels left.
You knew the following spells:

 Your Spells              Type           Power        Failure   Level  Hunger
a - Spectral Weapon       Hex/Chrm       #.......     99%         3    ####...

Skill      XL: |  1  2  3  4  5  6  7  8  9 10 11 12 13 14 15 16 17 18 |
---------------+-------------------------------------------------------+-----
Axes           | 8 11 13 14 15 17 18 21 27 | 27.0
Fighting       | 3 7 9 10 12 13 17 20 22 25 27 | 27.0
Armour         | 6 8 9 10 11 14 16 18 21 24 26 27 | 27.0
Shields        | 6 8 9 10 11 14 15 23 27 | 27.0
Dodging        | 6 12 15 20 26 27 | 27.0
Invocations    | 16 | 16.6

Action                   |  1- 3 |  4- 6 |  7- 9 | 10-12 | 13-15 | 16-18 || total
-------------------------+-------+-------+-------+-------+-------+-------++-------
Melee: Broad axe         |     7 |       |    30 |   102 |   289 |   209 ||   637
 Abil: Heal Wounds       |       |       |     1 |     4 |    10 |       ||    15
  Use: Potion            |     1 |       |       |     1 |     4 |     4 ||    10
       Scroll            |       |       |       |       |     2 |     5 ||     7
 Stab: Invisible         |       |       |       |     7 |     6 |       ||    13
       Distracted        |       |       |       |     3 |     5 |    10 ||    18
  Eat: Ration            |       |       |       |       |       |     1 ||     1
Armor: Gold dragon scale |       |       |     4 |    98 |   198 |    97 ||   397
Dodge: Dodged            |       |       |       |    10 |   171 |   176 ||   357
Block: Shield            |     7 |       |    32 |   188 |   564 |   374 ||  1165

Inventory:

Hand Weapons
 G - the cursed +14 obsidian axe (weapon) {chop, +Fly SInv *Curse}
   (You found it in the Dungeon)

   It inflicts extra damage upon your enemies.
   It lets you see invisible.
   It lets you fly.
   It curses itself when equipped.
   It has a curse placed upon it.
Armour
 F - +9 gold dragon scales (worn) {23 rF+ rC+ rPois}
   (You found it in the Dungeon)
 H - the +18 shield of the Gong (worn) {rElec rN+ MR+ EV-5}
   (You found it in the Dungeon)

   It affects your evasion (-5).
   It insulates you from electricity.
   It protects you from negative energy.
   It affects your resistance to hostile enchantments.
 K - a +1 pair of gloves of strength (worn)
   (You found it in the Dungeon)
 M - +1 gold dragon scales {23 rF+ rC+ rPois}
   (You found it in the Dungeon)
 R - a +1 cloak of magic resistance (worn) {MR+}
   (You found it in the Dungeon)
 W - the +0 mask of the Dragon (worn) {MR+ Slay+3 SInv}
   (You found it in the Dungeon)

   It affects your accuracy and damage with ranged weapons and melee attacks
   (+3).
   It affects your resistance to hostile enchantments.
   It lets you see invisible.
 Z - the +2 pair of boots of the Assassin (worn) {Detection Stab+ Stlth++}
   (You found it in the Dungeon)

   It makes you much more stealthy.
Jewellery
 g - the ring "Ritaag" (left hand) {rF+ Int+2 Dex+4}
   (You found it in the Dungeon)

   [ring of dexterity]

   It affects your intelligence (+2).
   It affects your dexterity (+4).
   It protects you from fire.
 x - a +6 ring of dexterity
   (You found it in the Dungeon)
 y - a +6 ring of intelligence
   (You found it in the Dungeon)
 z - a +6 ring of intelligence
   (You found it in the Dungeon)
 A - a +6 ring of strength
   (You found it in the Dungeon)
 B - a +6 ring of strength
   (You found it in the Dungeon)
 E - a +6 ring of dexterity
   (You found it in the Dungeon)
 I - a +3 ring of evasion
   (You found it in the Dungeon)
 J - an uncursed ring of protection from cold {rC+}
   (You found it in the Dungeon)
 P - an uncursed ring of protection from fire {rF+}
   (You found it in the Dungeon)
 Q - the ring of Iqux (right hand) {+Inv rC+ MP+9 EV+3}
   (You found it in the Dungeon)

   [ring of evasion]

   It affects your evasion (+3).
   It protects you from cold.
   It affects your magic capacity (+9).
   It lets you turn invisible.
 S - the ring "Jomib" {rN+ Dex+3}
   (You found it in the Dungeon)

   [ring of positive energy]

   It affects your dexterity (+3).
   It protects you from negative energy.
 T - the amulet "Vaekhla" (around neck) {Faith *Corrode rPois rC+ rN+}
   (You found it in the Dungeon)

   [amulet of faith]

   It allows you to gain divine favour quickly.
   It protects you from cold.
   It protects you from poison.
   It protects you from negative energy.
   It may corrode you when you take damage.
 U - the ring of Xypeummam {rF+ rC++ MR+ Slay-3}
   (You found it in the Dungeon)

   [ring of protection from fire]

   It affects your accuracy and damage with ranged weapons and melee attacks
   (-3).
   It protects you from fire.
   It greatly protects you from cold.
   It affects your resistance to hostile enchantments.
Wands
 v - a wand of acid (7)
   (You found it in the Dungeon)
 C - a wand of disintegration (7)
   (You found it in the Dungeon)
 D - a wand of iceblast (7)
   (You found it in the Dungeon)
Scrolls
 b - 4 scrolls of blinking
 f - 4 scrolls of fog
 o - 4 scrolls of amnesia
 r - 5 scrolls of identify
 s - a scroll of holy word
 t - 5 scrolls of remove curse
 u - 2 scrolls of fear
 N - 4 scrolls of enchant weapon
 X - a scroll of brand weapon
Potions
 d - 6 potions of might
 h - 2 potions of haste
 i - 7 potions of magic
 j - a potion of berserk rage
 l - 4 potions of resistance {rF+ rC+}
 n - 4 potions of agility
 p - 2 potions of brilliance
 q - 14 potions of heal wounds
 w - 10 potions of curing
Books
 m - a book of Dreams
   (You found it in the Dungeon)
Miscellaneous
 L - 4 phantom mirrors
Comestibles
 e - 6 rations
 Y - 9 chunks of flesh You escaped. You worshipped Makhleb. Makhleb was exalted by your worship. You were not hungry. You visited 1 branch

Dungeon Overview and Level Annotations

Branches:
Dungeon (1/1)

Altars:
Ashenzari
Cheibriados
Dithmenos
Elyvilon
Fedhas
Gozag
Hepliaklqana
Kikubaaqudgha
Makhleb
Nemelex Xobeh
Okawaru
Qazlal
Ru
Sif Muna
Trog
Uskayaw
Vehumet
Wu Jian
Xom
Yredelemnul
Zin
The Shining One
Beogh
Jiyva
Lugonu

............▓..▓..(.)..▓..▓...8©8
............▓.▓▓▓..(..▓▓▓.▓..[}[:
............▓..▓.......▓..▓..|)=)
...†††......▓.............▓......
.....†......▓......©....(.▓..)..)
...†........▓▓▓▓▓▓▓▓▓▓▓▓▓▓▓....).
............▓8888888888888▓.....)
............▓8...........8▓..▓...
............▓8.§@§....©..8▓......
............▓8.§.........8▓....©.
....©.......▓8888888888888▓▓▓▓▓▓▓
▓▓▓▓▓▓▓▓▓▓▓▓▓▓▓▓▓▓▓▓▓▓▓▓▓▓▓▓▓▓▓▓▓
.....8©8........▓ .......8©8.....
?|)}:=}}[[)."}..▓


))})}):))||}|:[ .):)"}==)|=")):.▓,=|):))}}"):|)). )[||}))}[:[})):.▓
:|[|=)[)??)[)|[ ...[.†[††.......▓ ......=)|}:.... There were no monsters in
sight!

Notes
Turn   | Place    | Note
-------+----------+-------------------------------------------
     0 | D        | Found the +6 Majin-Bo {vamp, Archmagi MP+6 Int+6}
     0 | D        | Found the +7 great mace "Firestarter" {inner flame, rF++}
     0 | D        | theanonym the Deep Dwarf Fighter began the quest for the Orb.
     0 | D        | Reached XP level 1. HP: 20/20 MP: 1/1
     0 | D        | Found a deep blue altar of Sif Muna.
     0 | D        | Found a sacrificial altar of Ru.
     0 | D        | Found a bloodstained altar of Trog.
     0 | D        | Found a stormy altar of Qazlal.
     0 | D        | Found an iron altar of Okawaru.
     0 | D        | Found a sparkling altar of Nemelex Xobeh.
     0 | D        | Found a blossoming altar of Fedhas.
     2 | D        | Found a transporter.
     2 | D        | Found an ancient bone altar of Kikubaaqudgha.
     2 | D        | Found a viscous altar of Jiyva.
     2 | D        | Found a corrupted altar of Lugonu.
     2 | D        | Found a hazy altar of Hepliaklqana.
     2 | D        | Found a burning altar of Makhleb.
     2 | D        | Found an opulent altar of Gozag.
    19 | D        | Found the +9 heavy crossbow "Sniper" {velocity, Acc+∞ SInv}
    19 | D        | Found the +15 Maxwell's patent armour {-Cast -Tele rElec MR+ rCorr}
    19 | D        | Found the +18 shield of the Gong {rElec rN+ MR+ EV-5}
    19 | D        | Found the cursed +14 obsidian axe {chop, +Fly SInv *Curse}
    20 | D        | Found the +6 shillelagh "Devastator" {shatter}
    20 | D        | Found the +11 plutonium sword {*Contam Stlth-}
    20 | D        | Found the +8 lance "Wyrmbane" {slay drac, rPois rF+ rC+ AC+3}
    20 | D        | Found the +9 sword of Zonguldrok {reap}
    20 | D        | Found the cursed +13 scythe of Curses {drain, *Curse}
    20 | D        | Found the +0 sword of Power
    20 | D        | Found the +10 mace of Variability {chaos}
    20 | D        | Found the +7 Singing Sword
    20 | D        | Found the +7 longbow "Piercer" {penet, EV-2}
    68 | D        | Reached skill level 8 in Axes
    68 | D        | Reached XP level 2. HP: 27/27 MP: 2/2
    71 | D        | Became a worshipper of Makhleb the Destroyer
    79 | D        | Entered arena 2.
    79 | D        | Noticed a sun demon
    79 | D        | Noticed a crimson imp
    79 | D        | Found a transporter.
    81 | D        | Killed a crimson imp
    81 | D        | Reached skill level 3 in Fighting
    81 | D        | Reached XP level 3. HP: 22/34 MP: 3/3
    86 | D        | Killed a sun demon
    86 | D        | Reached * piety under Makhleb
    86 | D        | Reached skill level 7 in Fighting
    86 | D        | Reached skill level 11 in Axes
    86 | D        | Reached skill level 6 in Armour
    86 | D        | Reached skill level 6 in Shields
    86 | D        | Reached XP level 4. HP: 33/51 MP: 4/4
    86 | D        | Reached XP level 5. HP: 37/57 MP: 5/5
    86 | D        | Reached XP level 6. HP: 43/66 MP: 6/6
    86 | D        | Reached XP level 7. HP: 47/72 MP: 7/7
    93 | D        | Entered arena 3.
    93 | D        | Found a transporter.
    97 | D        | Reached ** piety under Makhleb
   105 | D        | Entered arena 4.
   105 | D        | Noticed a two-headed ogre
   105 | D        | Noticed a two-headed ogre
   105 | D        | Found a transporter.
   109 | D        | Reached skill level 8 in Fighting
   109 | D        | Reached skill level 12 in Axes
   109 | D        | Reached skill level 7 in Armour
   109 | D        | Reached skill level 7 in Shields
   110 | D        | Killed a two-headed ogre
   110 | D        | Reached skill level 9 in Fighting
   110 | D        | Reached skill level 13 in Axes
   110 | D        | Reached skill level 8 in Armour
   110 | D        | Reached skill level 8 in Shields
   110 | D        | Reached XP level 8. HP: 85/85 MP: 8/8
   110 | D        | Killed a two-headed ogre
   110 | D        | Reached skill level 10 in Fighting
   110 | D        | Reached skill level 14 in Axes
   110 | D        | Reached skill level 9 in Armour
   110 | D        | Reached skill level 9 in Shields
   110 | D        | Reached *** piety under Makhleb
   120 | D        | Entered arena 5.
   120 | D        | Noticed an air elemental
   120 | D        | Found a transporter.
   122 | D        | Killed an air elemental
   122 | D        | Gained mutation: You passively map the area around you. [Deep Dwarf growth]
   122 | D        | Reached XP level 9. HP: 92/94 MP: 9/9
   133 | D        | Reached **** piety under Makhleb
   139 | D        | Entered arena 6.
   139 | D        | Noticed a deep elf mage
   139 | D        | Noticed a deep elf archer
   139 | D        | Noticed a deep elf archer
   139 | D        | Found a transporter.
   142 | D        | Reached skill level 11 in Fighting
   147 | D        | Killed a deep elf mage
   147 | D        | Reached skill level 15 in Axes
   147 | D        | Reached skill level 10 in Armour
   147 | D        | Killed a deep elf archer
   147 | D        | Reached skill level 10 in Shields
   154 | D        | Killed a deep elf archer
   154 | D        | Reached ***** piety under Makhleb
   168 | D        | Entered arena 7.
   168 | D        | Noticed a cyclops
   168 | D        | Noticed a merfolk
   169 | D        | Found a transporter.
   174 | D        | Reached skill level 12 in Fighting
   174 | D        | Reached XP level 10. HP: 106/106 MP: 10/10
   176 | D        | Killed a cyclops
   176 | D        | Reached skill level 16 in Axes
   195 | D        | Entered arena 8.
   196 | D        | Found a transporter.
   200 | D        | Reached ****** piety under Makhleb
   206 | D        | Identified Vacrufilin's Collected Works on Helpful Evil Secrets (You found it in the Dungeon)
   209 | D        | Identified The Foundations of Magic (You found it in the Dungeon)
   213 | D        | Learned a level 3 spell: Spectral Weapon
   214 | D        | Entered arena 9.
   214 | D        | Noticed a deep elf archer
   214 | D        | Noticed a deep elf mage
   214 | D        | Noticed a deep elf archer
   214 | D        | Noticed a halberd of protection
   214 | D        | Noticed a glaive of freezing
   214 | D        | Noticed a glaive of venom
   214 | D        | Noticed a deep elf elementalist
   215 | D        | Found a transporter.
   219 | D        | Killed a glaive of venom
   219 | D        | Reached skill level 11 in Armour
   219 | D        | Reached skill level 11 in Shields
   221 | D        | Killed a glaive of freezing
   221 | D        | Reached skill level 13 in Fighting
   221 | D        | HP: 55/110 [deep elf archer/arrow (12)]
   224 | D        | Killed a halberd of protection
   226 | D        | Killed a deep elf elementalist
   226 | D        | Reached skill level 17 in Axes
   226 | D        | Reached XP level 11. HP: 85/118 MP: 11/11
   226 | D        | Killed a deep elf archer
   226 | D        | Reached skill level 12 in Armour
   226 | D        | Reached skill level 12 in Shields
   227 | D        | Killed a deep elf mage
   231 | D        | Killed a deep elf archer
   238 | D        | Entered arena 10.
   238 | D        | Noticed a red draconian
   238 | D        | Noticed a black draconian
   238 | D        | Noticed a yellow draconian
   238 | D        | Noticed a green draconian
   239 | D        | Found a transporter.
   246 | D        | Reached skill level 14 in Fighting
   251 | D        | Killed a red draconian
   251 | D        | Reached skill level 18 in Axes
   252 | D        | Killed a black draconian
   252 | D        | Reached skill level 15 in Fighting
   260 | D        | Killed a green draconian
   260 | D        | Reached skill level 16 in Fighting
   260 | D        | Reached skill level 13 in Armour
   260 | D        | Reached skill level 13 in Shields
   261 | D        | Killed a yellow draconian
   274 | D        | Entered arena 11.
   274 | D        | Noticed a vault guard
   274 | D        | Noticed a vault guard
   274 | D        | Noticed an orc knight
   274 | D        | Noticed an orc knight
   274 | D        | Noticed a shadow wraith
   274 | D        | Noticed an orc knight
   275 | D        | Found a transporter.
   281 | D        | Killed a shadow wraith
   281 | D        | Reached skill level 17 in Fighting
   281 | D        | Killed a vault guard
   284 | D        | Killed a vault guard
   284 | D        | Reached skill level 14 in Shields
   285 | D        | Reached skill level 14 in Armour
   285 | D        | Reached XP level 12. HP: 139/139 MP: 11/11
   289 | D        | Reached skill level 18 in Fighting
   302 | D        | Entered arena 12.
   302 | D        | Noticed a six-headed hydra
   302 | D        | Noticed a fire dragon
   302 | D        | Noticed a four-headed hydra
   302 | D        | Noticed an ice dragon
   302 | D        | Noticed a seven-headed hydra
   303 | D        | Noticed an eight-headed hydra
   304 | D        | Found a transporter.
   307 | D        | Killed an eight-headed hydra
   308 | D        | Killed a nine-headed hydra
   311 | D        | Killed a nine-headed hydra
   313 | D        | Killed a fire dragon
   313 | D        | Reached skill level 15 in Armour
   313 | D        | Reached skill level 15 in Shields
   314 | D        | Killed a ten-headed hydra
   314 | D        | Reached skill level 19 in Fighting
   319 | D        | Killed an ice dragon
   319 | D        | Reached skill level 1 in Dodging
   337 | D        | Entered arena 13.
   338 | D        | Noticed a reaper
   338 | D        | Noticed a reaper
   340 | D        | Found a transporter.
   343 | D        | Reached skill level 2 in Dodging
   346 | D        | Reached skill level 3 in Dodging
   358 | D        | Killed a reaper
   358 | D        | Reached skill level 4 in Dodging
   362 | D        | Killed a reaper
   362 | D        | Reached skill level 16 in Armour
   362 | D        | Reached skill level 5 in Dodging
   373 | D        | Entered arena 14.
   376 | D        | Found a transporter.
   379 | D        | Reached skill level 20 in Fighting
   383 | D        | Reached skill level 6 in Dodging
   383 | D        | Reached XP level 13. HP: 152/152 MP: 12/12
   400 | D        | Got the ring of Iqux {+Inv rC+ MP+9 EV+3}
   405 | D        | Entered arena 15.
   407 | D        | Noticed a gelid corrupter
   408 | D        | Found a transporter.
   411 | D        | Reached skill level 7 in Dodging
   413 | D        | Noticed a nagaraja
   424 | D        | Noticed a starcursed mass
   424 | D        | Killed a gelid corrupter
   424 | D        | Reached skill level 8 in Dodging
   435 | D        | Entered arena 16.
   437 | D        | Found the +8 whip "Snakebite" {curare, rPois}
   438 | D        | Found a transporter.
   439 | D        | Reached skill level 17 in Armour
   444 | D        | Reached skill level 21 in Fighting
   445 | D        | Reached skill level 9 in Dodging
   462 | D        | Entered arena 17.
   465 | D        | Noticed a balrug
   467 | D        | Found a transporter.
   467 | D        | HP: 47/156 [??? (33)]
   473 | D        | HP: 35/156 [??? (17)]
   474 | D        | Killed a balrug
   479 | D        | Reached skill level 10 in Dodging
   502 | D        | Entered arena 18.
   505 | D        | Noticed a reaper
   506 | D        | Found the +8 frozen axe "Frostbite" {freezing cloud, *Noise +Fly rC+}
   510 | D        | HP: 56/156 [??? (42)]
   517 | D        | Found a transporter.
   530 | D        | Killed a reaper
   530 | D        | Reached skill level 18 in Armour
   533 | D        | Reached skill level 11 in Dodging
   545 | D        | Entered arena 19.
   548 | D        | Noticed a deep elf master archer
   548 | D        | Noticed a deep elf sorcerer
   548 | D        | Noticed a deep elf blademaster
   548 | D        | Noticed a deep elf annihilator
   548 | D        | Noticed a deep elf master archer
   549 | D        | Noticed a deep elf annihilator
   549 | D        | Noticed a deep elf sorcerer
   550 | D        | Found a transporter.
   559 | D        | Killed a deep elf blademaster
   559 | D        | Reached skill level 22 in Fighting
   560 | D        | HP: 78/158 [deep elf mage/bolt of negative energy (6)]
   572 | D        | Killed a deep elf sorcerer
   572 | D        | Reached skill level 12 in Dodging
   573 | D        | Gained mutation: You resist negative energy. (rN+) [Deep Dwarf growth]
   573 | D        | Reached XP level 14. HP: 133/169 MP: 12/12
   573 | D        | Killed a deep elf master archer
   580 | D        | Killed a deep elf sorcerer
   580 | D        | Reached skill level 19 in Armour
   585 | D        | Reached skill level 23 in Fighting
   585 | D        | Reached skill level 13 in Dodging
   587 | D        | Killed a deep elf master archer
   608 | D        | Got the ring "Ritaag" {rF+ Int+2 Dex+4}
   620 | D        | Entered arena 20.
   625 | D        | Noticed a spriggan defender
   625 | D        | Noticed an apis
   625 | D        | Noticed a spriggan defender
   625 | D        | Noticed an apis
   626 | D        | Noticed a spriggan defender
   627 | D        | Found the +10 dark maul {crush}
   627 | D        | Found a transporter.
   633 | D        | Killed a spriggan defender
   639 | D        | Killed an apis
   639 | D        | Reached skill level 14 in Dodging
   640 | D        | Killed a spriggan defender
   645 | D        | Killed a spriggan defender
   645 | D        | Reached skill level 20 in Armour
   648 | D        | Reached skill level 24 in Fighting
   652 | D        | Reached skill level 15 in Dodging
   653 | D        | Killed an apis
   667 | D        | Got the ring "Jomib" {rN+ Dex+3}
   670 | D        | Entered arena 21.
   670 | D        | Noticed a vampire knight
   671 | D        | Noticed a vampire knight
   678 | D        | Killed a vampire knight
   679 | D        | Noticed a ghoul
   679 | D        | Noticed a ghoul
   679 | D        | Noticed a vampire knight
   679 | D        | Noticed a ghoul
   679 | D        | Noticed a lich
   680 | D        | Noticed a ghoul
   682 | D        | Noticed a vampire knight
   694 | D        | Killed a lich
   696 | D        | Killed a vampire knight
   696 | D        | Reached skill level 25 in Fighting
   696 | D        | Reached skill level 21 in Armour
   698 | D        | Killed a ghoul
   698 | D        | Reached XP level 15. HP: 184/184 MP: 13/13
   705 | D        | Reached skill level 16 in Dodging
   721 | D        | Found a transporter.
   729 | D        | Entered arena 22.
   735 | D        | Found the +7 sceptre of Torment
   747 | D        | Reached skill level 26 in Fighting
   747 | D        | Reached skill level 17 in Dodging
   749 | D        | Reached skill level 22 in Armour
   758 | D        | Found a transporter.
   770 | D        | Identified the Guide on the Oath and Evil (You found it in the Dungeon)
   782 | D        | Got the amulet "Vaekhla" {Faith *Corrode rPois rC+ rN+}
   789 | D        | Entered arena 23.
   799 | D        | Noticed an iron giant
   799 | D        | Noticed a Hell Sentinel
   807 | D        | HP: 93/188 [reaper/scythe of protection (31)]
   812 | D        | HP: 81/282 [??? (37)]
   817 | D        | HP: 82/283 [Hell Sentinel/iron shot (34)]
   820 | D        | Killed an iron giant
   821 | D        | Killed a Hell Sentinel
   821 | D        | Reached skill level 18 in Dodging
   832 | D        | Found a transporter.
   843 | D        | Got the ring of Xypeummam {rF+ rC++ MR+ Slay-3}
   861 | D        | Entered arena 24.
   867 | D        | Noticed a juggernaut
   867 | D        | Noticed a juggernaut
   867 | D        | Noticed a glowing shapeshifter
   867 | D        | Noticed a titan
   867 | D        | Noticed a juggernaut
   868 | D        | Noticed a glowing shapeshifter
   868 | D        | Noticed a glowing shapeshifter
   868 | D        | Noticed an iron giant
   868 | D        | Noticed a glowing shapeshifter
   868 | D        | Noticed a glowing shapeshifter
   868 | D        | Noticed a glowing shapeshifter
   868 | D        | Noticed a titan
   868 | D        | a glowing shapeshifter changed into a human
   868 | D        | Noticed a titan
   868 | D        | a glowing shapeshifter changed into a titan
   868 | D        | Noticed a frost giant
   868 | D        | a juggernaut changed into a frost giant
   868 | D        | Noticed a shard shrike
   868 | D        | a glowing shapeshifter changed into a shard shrike
   868 | D        | Noticed a shard shrike
   868 | D        | a titan changed into a shard shrike
   868 | D        | Noticed a shard shrike
   868 | D        | a juggernaut changed into a shard shrike
   869 | D        | Noticed a titan
   869 | D        | Noticed a shard shrike
   869 | D        | a glowing shapeshifter changed into a shard shrike
   869 | D        | Noticed a shard shrike
   869 | D        | a glowing shapeshifter changed into a shard shrike
   869 | D        | Noticed a shard shrike
   869 | D        | a titan changed into a shard shrike
   869 | D        | a glowing shapeshifter changed into a two-headed ogre
   869 | D        | Noticed a juggernaut
   869 | D        | a shard shrike changed into a juggernaut
   869 | D        | Noticed a titan
   869 | D        | a shard shrike changed into a titan
   870 | D        | Noticed a titan
   870 | D        | a juggernaut changed into a titan
   870 | D        | Noticed a titan
   870 | D        | a shard shrike changed into a titan
   871 | D        | Noticed a golden dragon
   871 | D        | a shard shrike changed into a golden dragon
   871 | D        | Noticed an acid blob
   871 | D        | a titan changed into an acid blob
   871 | D        | Noticed a shard shrike
   871 | D        | a titan changed into a shard shrike
   873 | D        | a frost giant changed into a dire elephant
   876 | D        | Noticed a caustic shrike
   876 | D        | an acid blob changed into a caustic shrike
   876 | D        | Noticed an iron giant
   876 | D        | a juggernaut changed into an iron giant
   877 | D        | Noticed a titan
   877 | D        | a shard shrike changed into a titan
   878 | D        | Noticed an acid blob
   878 | D        | a caustic shrike changed into an acid blob
   880 | D        | Noticed a shadow dragon
   880 | D        | an iron giant changed into a shadow dragon
   880 | D        | Noticed a shadow dragon
   880 | D        | an iron troll changed into a shadow dragon
   880 | D        | Noticed a golden dragon
   880 | D        | an iron giant changed into a golden dragon
   880 | D        | Noticed an iron dragon
   880 | D        | a titan changed into an iron dragon
   881 | D        | Noticed a titan
   881 | D        | an acid blob changed into a titan
   881 | D        | Noticed an iron dragon
   881 | D        | a golden dragon changed into an iron dragon
   881 | D        | Noticed a juggernaut
   881 | D        | a titan changed into a juggernaut
   881 | D        | Noticed a shard shrike
   881 | D        | a titan changed into a shard shrike
   882 | D        | Noticed an iron giant
   882 | D        | an iron dragon changed into an iron giant
   882 | D        | Noticed a titan
   882 | D        | a juggernaut changed into a titan
   883 | D        | Reached skill level 27 in Fighting
   883 | D        | Noticed a juggernaut
   883 | D        | a shard shrike changed into a juggernaut
   884 | D        | Noticed an iron giant
   884 | D        | a golden dragon changed into an iron giant
   884 | D        | Noticed a fire giant
   884 | D        | a shadow dragon changed into a fire giant
   884 | D        | Noticed an acid blob
   884 | D        | an iron giant changed into an acid blob
   885 | D        | a shadow dragon changed into a stone giant
   885 | D        | Noticed an iron dragon
   885 | D        | an iron giant changed into an iron dragon
   885 | D        | Noticed a shard shrike
   885 | D        | a juggernaut changed into a shard shrike
   885 | D        | Noticed a juggernaut
   885 | D        | a titan changed into a juggernaut
   885 | D        | Noticed an azure jelly
   885 | D        | a fire giant changed into an azure jelly
   886 | D        | Noticed a juggernaut
   886 | D        | a titan changed into a juggernaut
   886 | D        | Noticed an iron dragon
   886 | D        | an acid blob changed into an iron dragon
   886 | D        | Noticed a shard shrike
   886 | D        | a titan changed into a shard shrike
   888 | D        | Noticed a golden dragon
   888 | D        | a juggernaut changed into a golden dragon
   889 | D        | Killed a shard shrike
   889 | D        | Reached skill level 23 in Armour
   889 | D        | Reached skill level 19 in Dodging
   892 | D        | Noticed an azure jelly
   892 | D        | a dire elephant changed into an azure jelly
   892 | D        | Noticed an acid blob
   892 | D        | a shard shrike changed into an acid blob
   892 | D        | Noticed a titan
   892 | D        | a shard shrike changed into a titan
   894 | D        | Noticed a caustic shrike
   894 | D        | an iron dragon changed into a caustic shrike
   895 | D        | Noticed a shadow dragon
   895 | D        | an acid blob changed into a shadow dragon
   895 | D        | Noticed a golden dragon
   895 | D        | a titan changed into a golden dragon
   895 | D        | Noticed a juggernaut
   895 | D        | an iron dragon changed into a juggernaut
   895 | D        | HP: 91/190 [shard shrike (glowing shapeshifter) (7)]
   896 | D        | Killed a shard shrike
   898 | D        | Killed an azure jelly
   898 | D        | Reached skill level 20 in Dodging
   898 | D        | Noticed an iron giant
   898 | D        | a golden dragon changed into an iron giant
   898 | D        | Noticed a titan
   898 | D        | a juggernaut changed into a titan
   898 | D        | Noticed a shadow dragon
   898 | D        | a caustic shrike changed into a shadow dragon
   899 | D        | Reached skill level 24 in Armour
   899 | D        | Noticed an iron dragon
   899 | D        | a golden dragon changed into an iron dragon
   899 | D        | Noticed a quicksilver dragon
   899 | D        | an azure jelly changed into a quicksilver dragon
   902 | D        | Noticed a golden dragon
   902 | D        | an iron dragon changed into a golden dragon
   902 | D        | Noticed an acid blob
   902 | D        | a shadow dragon changed into an acid blob
   903 | D        | Killed a juggernaut
   903 | D        | Reached XP level 16. HP: 117/200 MP: 11/11
   904 | D        | Killed a golden dragon
   904 | D        | Reached skill level 21 in Dodging
   905 | D        | an iron giant changed into a frost giant
   905 | D        | Noticed a juggernaut
   905 | D        | a titan changed into a juggernaut
   905 | D        | Noticed a sphinx
   905 | D        | a quicksilver dragon changed into a sphinx
   906 | D        | Killed an acid blob
   906 | D        | Reached skill level 25 in Armour
   906 | D        | a shadow dragon changed into an iron troll
   909 | D        | Noticed a titan
   909 | D        | a juggernaut changed into a titan
   911 | D        | Noticed a shadow dragon
   911 | D        | a frost giant changed into a shadow dragon
   911 | D        | Noticed a juggernaut
   911 | D        | a titan changed into a juggernaut
   912 | D        | Killed a sphinx
   912 | D        | Reached skill level 22 in Dodging
   912 | D        | Noticed a sphinx
   912 | D        | an iron troll changed into a sphinx
   912 | D        | Noticed a storm dragon
   912 | D        | a ghost moth changed into a storm dragon
   914 | D        | a shadow dragon changed into a stone giant
   914 | D        | Noticed a shard shrike
   914 | D        | a juggernaut changed into a shard shrike
   916 | D        | Noticed a quicksilver dragon
   916 | D        | a stone giant changed into a quicksilver dragon
   916 | D        | Noticed a juggernaut
   916 | D        | a shard shrike changed into a juggernaut
   920 | D        | Killed a sphinx
   920 | D        | Reached skill level 23 in Dodging
   921 | D        | Noticed a shard shrike
   921 | D        | a juggernaut changed into a shard shrike
   922 | D        | Killed a shard shrike
   922 | D        | Reached skill level 24 in Dodging
   924 | D        | Killed a storm dragon
   925 | D        | Killed a quicksilver dragon
   926 | D        | Found a transporter.
   934 | D        | Entered arena 25.
   946 | D        | Reached skill level 25 in Dodging
   947 | D        | Noticed a lich
   952 | D        | Noticed a lich
   962 | D        | Reached skill level 19 in Axes
   967 | D        | Noticed a Tzitzimitl
   971 | D        | HP: 82/200 [???[a lich] (40)]
   973 | D        | Killed a lich
   974 | D        | Killed a lich
   974 | D        | Reached skill level 20 in Axes
  1008 | D        | Found the +0 mask of the Dragon {MR+ Slay+3 SInv}
  1008 | D        | Found a transporter.
  1040 | D        | Entered arena 26.
  1049 | D        | Noticed a titan
  1049 | D        | Noticed a titan
  1049 | D        | Noticed a titan
  1049 | D        | Noticed a storm dragon
  1049 | D        | Noticed an electric golem
  1049 | D        | Noticed a titan
  1049 | D        | Noticed a storm dragon
  1049 | D        | Noticed an electric golem
  1049 | D        | Noticed a storm dragon
  1049 | D        | Noticed a titan
  1049 | D        | Noticed an electric golem
  1050 | D        | Noticed an electric golem
  1050 | D        | Noticed a storm dragon
  1050 | D        | Noticed an electric golem
  1050 | D        | Noticed an electric golem
  1050 | D        | Noticed a titan
  1050 | D        | Noticed a storm dragon
  1050 | D        | Noticed a titan
  1051 | D        | Noticed a titan
  1051 | D        | Noticed an electric golem
  1051 | D        | Noticed an electric golem
  1051 | D        | HP: 90/200 [wind drake/the air (24)]
  1052 | D        | Found the +2 pair of boots of the Assassin {Detection Stab+ Stlth++}
  1054 | D        | Reached skill level 26 in Armour
  1054 | D        | HP: 43/200 [titan (11)]
  1055 | D        | Killed a storm dragon
  1055 | D        | Reached skill level 21 in Axes
  1055 | D        | Killed a storm dragon
  1055 | D        | Killed a storm dragon
  1055 | D        | Found a transporter.
  1056 | D        | Killed an electric golem
  1056 | D        | Killed a storm dragon
  1058 | D        | Killed a titan
  1060 | D        | Killed a titan
  1061 | D        | Killed an electric golem
  1061 | D        | Reached skill level 26 in Dodging
  1061 | D        | HP: 143/300 [electric golem/bolt of lightning (3)]
  1062 | D        | Killed a titan
  1066 | D        | Killed a titan
  1066 | D        | Reached XP level 17. HP: 177/208 MP: 12/12
  1067 | D        | Killed a titan
  1067 | D        | Reached skill level 22 in Axes
  1068 | D        | Killed a titan
  1068 | D        | Killed an electric golem
  1072 | D        | Killed an electric golem
  1073 | D        | Killed an electric golem
  1073 | D        | Killed an electric golem
  1075 | D        | Killed a titan
  1078 | D        | Killed a titan
  1078 | D        | Reached skill level 23 in Axes
  1079 | D        | Killed an electric golem
  1086 | D        | Killed an electric golem
  1125 | D        | Entered arena 27.
  1134 | D        | Noticed an Ice Fiend
  1142 | D        | HP: 98/208 [??? (45)]
  1144 | D        | Reached skill level 27 in Armour
  1149 | D        | Reached skill level 24 in Axes
  1149 | D        | Reached skill level 27 in Dodging
  1155 | D        | Killed an Ice Fiend
  1155 | D        | Reached skill level 25 in Axes
  1168 | D        | Found a transporter.
  1180 | D        | Entered arena 28.
  1189 | D        | Noticed a titan
  1191 | D        | Noticed a titan
  1192 | D        | Noticed a titan
  1193 | D        | Noticed a titan
  1193 | D        | Noticed a titan
  1197 | D        | Noticed a titan
  1197 | D        | Reached skill level 26 in Axes
  1198 | D        | Noticed a titan
  1200 | D        | Killed a titan
  1202 | D        | Reached skill level 27 in Axes
  1207 | D        | Reached skill level 16 in Shields
  1208 | D        | Killed a titan
  1208 | D        | Reached skill level 17 in Shields
  1209 | D        | Reached skill level 18 in Shields
  1215 | D        | Reached skill level 19 in Shields
  1216 | D        | Reached skill level 20 in Shields
  1222 | D        | Reached skill level 21 in Shields
  1224 | D        | Reached skill level 22 in Shields
  1227 | D        | Killed a titan
  1230 | D        | Reached skill level 23 in Shields
  1230 | D        | Gained mutation: You passively map a large area around you. [Deep Dwarf growth]
  1230 | D        | Reached XP level 18. HP: 218/218 MP: 13/13
  1236 | D        | Reached skill level 24 in Shields
  1239 | D        | Reached skill level 25 in Shields
  1245 | D        | Reached skill level 26 in Shields
  1247 | D        | Reached skill level 27 in Shields
  1247 | D        | Reached skill level 1 in Invocations
  1248 | D        | Reached skill level 5 in Invocations
  1248 | D        | Reached skill level 7 in Invocations
  1249 | D        | Reached skill level 8 in Invocations
  1251 | D        | Reached skill level 9 in Invocations
  1252 | D        | Reached skill level 11 in Invocations
  1254 | D        | Reached skill level 12 in Invocations
  1257 | D        | Reached skill level 13 in Invocations
  1259 | D        | Reached skill level 14 in Invocations
  1261 | D        | Reached skill level 15 in Invocations
  1266 | D        | Reached skill level 16 in Invocations
  1274 | D        | Found a transporter.
  1286 | D        | Got the Orb of Zot
  1291 | D        | Escaped with the Orb!

Vanquished Creatures
  A juggernaut (shapeshifter) (D)
  3 shard shrikes (shapeshifter) (D)
  A golden dragon (shapeshifter) (D)
  3 liches (D)
  7 electric golems (D)
  An iron giant (D)
  A Hell Sentinel (D)
  An Ice Fiend (D)
  14 titans (D)
  2 deep elf master archers (D)
  An acid blob (shapeshifter) (D)
  A quicksilver dragon (shapeshifter) (D)
  2 sphinxes (shapeshifter) (D)
  A storm dragon (shapeshifter) (D)
  9 fire giants (D)
  An azure jelly (shapeshifter) (D)
  2 storm dragons (D)
  An iron dragon (shapeshifter) (D)
  2 deep elf sorcerers (D)
  19 frost giants (D)
  A balrug (D)
  6 ghouls (D)
  A deep elf elementalist (D)
  6 reapers (D)
  8 stone giants (D)
  3 spriggan defenders (D)
  A green draconian (D)
  An entropy weaver (D)
  8 vampire knights (D)
  A corrupter (D)
  A dire elephant (D)
  A black draconian (D)
  2 deep elf annihilators (D)
  A red draconian (D)
  2 apis (D)
  10 ettins (D)
  5 blizzard demons (D)
  3 deep elf high priests (D)
  A fire dragon (D)
  2 ice dragons (D)
  3 hydras (D)
  3 spriggan air magi (D)
  2 vault guards (D)
  2 two-headed ogres (D)
  A satyr (D)
  4 vampire magi (D)
  A queen ant (shapeshifter) (D)
  A shock serpent (shapeshifter) (D)
  A hell hog (D)
  3 dancing weapons (D)
  An orc high priest (D)
  A sun demon (D)
  5 spriggan berserkers (D)
  A shadow wraith (D)
  A deep troll (shapeshifter) (D)
  9 skeletal warriors (D)
  A spriggan druid (D)
  A swamp dragon (D)
  A glowing orange brain (shapeshifter) (D)
  A sea snake (shapeshifter) (D)
  A shambling mangrove (D)
  A swamp dragon (shapeshifter) (D)
  3 deep elf archers (D)
  4 orc knights (D)
  4 deep elf magi (D)
  5 necromancers (D)
  3 orc sorcerers (D)
  An orb spider (D)
  A manticore (shapeshifter) (D)
  5 wolf spiders (D)
  A salamander (shapeshifter) (D)
  13 cyclopes (D)
  A moth of wrath (D)
  3 draconians (D)
  A moth of wrath (shapeshifter) (D)
  A vault sentinel (D)
  A spiny frog (shapeshifter) (D)
  A smoke demon (D)
  3 orange demons (D)
  2 yaktaurs (shapeshifter) (D)
  2 torpor snails (D)
  9 rust devils (D)
  2 hellions (D)
  8 demonic crawlers (D)
  6 tormentors (D)
  4 freezing wraiths (D)
  A komodo dragon (shapeshifter) (D)
  6 rime drakes (D)
  A dryad (D)
  9 ice devils (D)
  2 komodo dragons (D)
  3 red devils (D)
  A hellwing (D)
  A merfolk (D)
  4 wind drakes (D)
  9 polar bears (D)
  A blink frog (D)
  4 jumping spiders (D)
  6 hornets (D)
  A hippogriff (D)
  A slime creature (D)
  3 flying skulls (D)
  15 air elementals (D)
  2 redbacks (shapeshifter) (D)
  7 shadows (D)
  3 redbacks (D)
  2 water elementals (D)
  2 wraiths (D)
  3 yaks (D)
  A ynoxinul (D)
  2 wyverns (D)
  2 vampires (D)
  A fire elemental (D)
  2 hogs (shapeshifter) (D)
  A warg (D)
  A naga (shapeshifter) (D)
  A swamp worm (shapeshifter) (D)
  4 insubstantial wisps (D)
  2 water moccasins (D)
  4 orc warriors (D)
  A floating eye (shapeshifter) (D)
  A hell hound (D)
  3 porcupines (D)
  A swamp drake (D)
  6 ice beasts (D)
  A phantom (D)
  An eye of draining (shapeshifter) (D)
  4 necrophages (D)
  3 ogres (D)
  A centaur (shapeshifter) (D)
  A wolf (shapeshifter) (D)
  A centaur (D)
  A crocodile (D)
  2 earth elementals (D)
  5 wights (D)
  2 crimson imps (D)
  5 iron imps (D)
  A mummy (D)
  A shadow imp (D)
  5 white imps (D)
  7 adder zombies (D)
  An adder skeleton (D)
  An adder simulacrum (D)
  3 bat simulacra (D)
  4 bat skeletons (D)
  3 bat zombies (D)
  2 giant cockroach simulacra (D)
  3 giant cockroach zombies (D)
  A jackal skeleton (D)
  A jackal zombie (D)
  A leopard gecko skeleton (D)
  A quokka zombie (D)
448 creatures vanquished.

Vanquished Creatures (collateral kills)
  A titan (D)
  A deep elf blademaster (D)
  A frost giant (D)
  A vampire knight (D)
  A yellow draconian (D)
  A hydra (D)
  A hydra (shapeshifter) (D)
  A death drake (D)
  A spriggan druid (D)
  2 deep elf archers (D)
  An orc knight (D)
  A necromancer (D)
  A draconian (D)
  2 deep elf magi (D)
  A cyclops (D)
  A rust devil (D)
  A hellion (D)
  A tormentor (D)
  4 red devils (D)
  A merfolk (shapeshifter) (D)
  A hornet (D)
  A meliai (shapeshifter) (D)
  A wind drake (D)
  A tarantella (D)
  A basilisk (shapeshifter) (D)
  A vampire (D)
  A large abomination (D)
  An orc warrior (D)
  2 necrophages (D)
  2 centaurs (D)
  4 wights (D)
  3 iron imps (D)
  A mummy (D)
  A white imp (D)
  An ufetubus (D)
  2 adder zombies (D)
  2 adder skeletons (D)
  A bat skeleton (D)
  2 bat zombies (D)
  A giant cockroach zombie (D)
  A leopard gecko skeleton (D)
  A leopard gecko zombie (D)
  A butterfly (D)
58 creatures vanquished.

Vanquished Creatures (others)
  An electric golem (D)
  3 storm dragons (D)
  A frost giant (D)
  An ice dragon (D)
  6 spriggan air magi (D)
  A cyclops (shapeshifter) (D)
  4 wind drakes (D)
  5 insubstantial wisps (D)
  A bat skeleton (D)
23 creatures vanquished.

Grand Total: 529 creatures vanquished

Table legend:
 A = Turns spent in this place as a percentage of turns spent in the entire game.
 B = Non-inter-level travel turns spent in this place as a percentage of non-inter-level travel turns spent in the entire game.
 C = Inter-level travel turns spent in this place as a percentage of turns spent in this place.
 D = Turns resting spent in this place as a percentage of non-inter-level travel turns spent in this place.
 E = Turns spent auto-exploring this place as a percentage of non-inter-level travel turns spent in this place.
 F = Non-inter-level travel turns spent in this place divided by the number of levels of this place that you've seen.
                   A       B       C       D       E      F
               +-------+-------+-------+-------+-------+----------------------
         Total | 100.0 | 100.0 |   0.4 |   0.0 |   1.6 | 1286.0
       Dungeon | 100.0 | 100.0 |   0.4 |   0.0 |   1.6 | 1286.0
               +-------+-------+-------+-------+-------+----------------------
